[Event "Late-Titled-Tuesday-Blitz-March-05-2024"]
[Site "Chess.com"]
[Date "2024.03.05"]
[Round "10"]
[White "Harry_Rakkel"]
[Black "HansOnTwitch"]
[Result "1/2-1/2"]
[WhiteElo "2732"]
[BlackElo "3096"]
[TimeControl "180+1"]
[EndTime "15:51:00 PST"]
[Termination "Game drawn by repetition"]

1. e4 c5 2. Nf3 d6 3. d4 cxd4 4. Nxd4 Nf6 5. Nc3 a6 6. h4 e5 7. Nb3 Be6 8. Bg5 Nbd7 9. a4 h6 10. Be3 Rc8 11. Qd2 Ng4 12. Be2 Nxe3 13. Qxe3 Be7 14. g3 Nf6 15. Rd1 Qc7 16. O-O O-O 17. Rd2 Rfd8 18. Rfd1 Rd7 19. Bf3 Qc6 20. Nc1 Bd8 21.
Qe1 Bb6 22. Kg2 g5 23. hxg5 hxg5 24. Kg1 Kg7 25. Nd3 Bd4 26. Nb4 Qb6 27. Ncd5 Bxd5 28. Nxd5 Nxd5 29. exd5 Bxb2 30. Rb1 Rc3 31. Qe4 Rdc7 32.
Qf5 R7c4 33. Rxb2 Qxb2 34. Qxg5+ Kf8 35. Qd8+ Kg7 36. Qg5+ Kf8 37. Qd8+ Kg7 38. Qg5+ 1/2-1/2

[Event "Late-Titled-Tuesday-Blitz-March-05-2024"]
[Site "Chess.com"]
[Date "2024.03.05"]
[Round "10"]
[White "MathiasWomacka"]
[Black "AccioChess"]
[Result "1-0"]
[WhiteElo "2553"]
[BlackElo "2415"]
[TimeControl "180+1"]
[EndTime "15:51:01 PST"]
[Termination "MathiasWomacka won on time"]

1. e4 e5 2. Nf3 Nc6 3. Bb5 Nf6 4. O-O Nxe4 5. Re1 Nd6 6. Nxe5 Nxe5 7. Rxe5+ Be7 8.
Bf1 O-O 9. d4 Ne8 10. d5 d6 11.
Re1 Bg5 12. Bxg5 Qxg5 13. Nc3 Nf6 14. Re7 Bd7 15. Qd4 Rae8 16. Rae1 Rxe7 17. Rxe7 Qc1 18. Ne4 Nxe4 19. Qxe4 Bb5 20. c4 Ba6 21. b3 Qa3 22. Qe2 Qc5 23. h4 b6 24. h5 Bc8 25. h6 gxh6 26. Qh5 c6 27. Qxh6 Bf5 28. Rc7 Qa3 29. dxc6 Qxa2 30. Qxd6 Qxb3 31. Rxa7 Qb1 32. c7 Re8 33.
Qd4 f6 34. Ra1 Qc2 35. Qxf6 1-0

[Event "Late-Titled-Tuesday-Blitz-March-05-2024"]
[Site "Chess.com"]
[Date "2024.03.05"]
[Round "10"]
[White "maximnovik"]
[Black "ChessSwole"]
[Result "0-1"]
[WhiteElo "2605"]
[BlackElo "2731"]
[TimeControl "180+1"]
[EndTime "15:51:02 PST"]
[Termination "ChessSwole won on time"]

1. e4 c6 2. d4 d5 3. Nc3 dxe4 4. Nxe4 Nf6 5. Nxf6+ exf6 6. c3 Bd6 7. Bd3 O-O 8. Ne2 Re8 9. O-O Nd7 10. Bf4 Nf8 11.
Qd2 Ng6 12. Bxd6 Qxd6 13. Rfe1 a5 14. Ng3 Be6 15. Re3 Nf4 16. Bf1 Nd5 17. Ree1 f5 18. Bd3 g6 19. h4 h5 20. Nxh5 gxh5 21. Qg5+ Kf8 22. Qxh5 Qf4 23. Re5 Nf6 24. Qg5 Qxg5 25. hxg5 Nd5 26. Bxf5 Bxf5 27. Rxf5 Kg7 28. c4 Nc7 29.
Rd1 Re2 30. b3 Rxa2 31. g3 Rd8 32. Rd3 Rd7 33. d5 cxd5 34. cxd5 Nb5 35. Rf6 Rd6 36. Rf5 Rc2 37. g4 Rc5 38. Rdf3 Rc7 39. Rd3 Rc3 40. Rd1 Rxb3 41. Kg2 a4 0-1

[Event "Late-Titled-Tuesday-Blitz-March-05-2024"]
[Site "Chess.com"]
[Date "2024.03.05"]
[Round "10"]
[White "chess94cu"]
[Black "Bugcrusher"]
[Result "1/2-1/2"]
[WhiteElo "2634"]
[BlackElo "2526"]
[TimeControl "180+1"]
[EndTime "15:51:04 PST"]
[Termination "Game drawn by repetition"]

1. Nf3 Nf6 2. c4 e6 3. Nc3 c5 4. e3 d5 5. d4 Nc6 6. cxd5 exd5 7. Bb5 cxd4 8. Nxd4 Bd7 9. O-O Bd6 10. Nf3 a6 11. Bxc6 bxc6 12. b3 O-O 13. Bb2 Bg4 14.
Rc1 Rc8 15. Ne2 Bb8 16. Qd3 Ne4 17. Ng3 Bxf3 18. gxf3 Ng5 19. f4 Nf3+ 20. Kg2 Nh4+ 21. Kh1 Qd7 22. f5 Rce8 23. Qd4 Be5 24. Qxh4 Bxb2 25. Rc2 Be5 26. Rfc1 Bxg3 27. Qxg3 Qxf5 28. Rxc6 Rc8 29. Rxc8 Rxc8 30. Rxc8+ Qxc8 31. Qd6 Qa8 32. Kg1 h5 33. h4 Qb7 34. b4 Qb5 35. a3 g6 36. Qe5 Qd3 37. Qb8+ Kg7 38. Qe5+ Kg8 39. Kg2 Qxa3 40. Qb8+ Kg7 41. Qe5+ Kg8 42. Qe8+ Kg7 43. Qe5+ Kg8 1/2-1/2

[Event "Late-Titled-Tuesday-Blitz-March-05-2024"]
[Site "Chess.com"]
[Date "2024.03.05"]
[Round "10"]
[White "ShahMatKanal"]
[Black "WilsonPalencia21"]
[Result "0-1"]
[WhiteElo "2489"]
[BlackElo "2571"]
[TimeControl "180+1"]
[EndTime "15:51:05 PST"]
[Termination "WilsonPalencia21 won by resignation"]

1. c4 c5 2. g3 g6 3. Bg2 Bg7 4. d3 Nf6 5. Nc3 O-O 6. Nh3 Nc6 7. O-O d6 8. Rb1 a6 9. a3 Nd7 10. Nf4 Rb8 11. Bd2 e5 12. Nfd5 b5 13. cxb5 axb5 14.
b4 cxb4 15. axb4 Nd4 16. e3 Ne6 17. Qb3 Nf6 18. Nxf6+ Bxf6 19. Nd5 Bg7 20. Ra1 Bb7 21. Ra7 h5 22. h4 Kh7 23. Rc1 f5 24. Rxb7 Rxb7 25.
Nf6+ Qxf6 26. Bxb7 f4 27. exf4 Nd4 28. Qd1 exf4 29.
Be4 fxg3 30. Qxh5+ Kg8 31. Bd5+ Ne6 32. fxg3 gxh5 33.
Bf4 Qd4+ 0-1

[Event "Late-Titled-Tuesday-Blitz-March-05-2024"]
[Site "Chess.com"]
[Date "2024.03.05"]
[Round "10"]
[White "sonson28291"]
[Black "NovakRatko"]
[Result "1-0"]
[WhiteElo "2275"]
[BlackElo "2366"]
[TimeControl "180+1"]
[EndTime "15:51:07 PST"]
[Termination "sonson28291 won on time"]

1. e4 d5 2. exd5 c6 3. dxc6 Nxc6 4. Nf3 e5 5. Nc3 Bd6 6. Bc4 Nf6 7. d3 Bg4 8. Bg5 O-O 9. Ne4 Be7 10. h3 Bh5 11. Bxf6 Bxf6 12. c3 Be7 13. g4 Bg6 14. b4 a6 15. a4 Qc7 16. Qb3 Kh8 17. Neg5 Bxg5 18. Nxg5 b5 19. Bd5 Rad8 20. axb5 axb5 21. Ne4 Ne7 22. c4 Nxd5 23. cxd5 f5 24. gxf5 Bxf5 25. Ke2 Qd7 26. Nc3 Bxh3 27. Ra5 Qg4+ 28. Kd2 Rxf2+ 29.
Kc1 Qg2 30. Rd1 Bg4 31. Re1 Rf1 32. Rxf1 Qxf1+ 33. Kb2 Qxd3 34. Rxb5 Bf5 35. Rc5 Qd2+ 36. Ka3 1-0

[Event "Late-Titled-Tuesday-Blitz-March-05-2024"]
[Site "Chess.com"]
[Date "2024.03.05"]
[Round "10"]
[White "lasRojas"]
[Black "JaackCamel"]
[Result "1-0"]
[WhiteElo "2270"]
[BlackElo "2175"]
[TimeControl "180+1"]
[EndTime "15:51:08 PST"]
[Termination "lasRojas won by resignation"]

1. e4 e6 2. d4 d5 3. Nd2 c5 4. Ngf3 cxd4 5. Nxd4 Nc6 6. Bb5 Bd7 7. Nxc6 bxc6 8. Bd3 Be7 9. O-O h6 10. e5 Bc5 11. Nb3 Bb6 12. c4 Ne7 13. c5 Bc7 14. Qh5 Nf5 15. Bxf5 exf5 16. Nd4 g6 17. Qe2 Qe7 18.
Re1 Be6 19. b4 Qd7 20. b5 cxb5 21. Nxb5 Kf8 22. c6 Qd8 23. Ba3+ Kg7 24. Nd6 Bb6 25.
Red1 Qc7 26. Rac1 Rad8 27. Nb5 Qc8 28. Be7 Rde8 29. Bf6+ Kh7 30. Nd6 Qc7 31. Bxh8 Rxh8 32. Qa6 Rd8 33. Qb7 Kg7 34. Qxc7 Bxc7 35. Nb5 Bb6 36.
c7 Rc8 37. Nd6 Rxc7 38. Ne8+ Kf8 39. Nxc7 Bxc7 40. Rxc7 d4 41. Rxa7 1-0

[Event "Late-Titled-Tuesday-Blitz-March-05-2024"]
[Site "Chess.com"]
[Date "2024.03.05"]
[Round "10"]
[White "SmirnovTimofey2000"]
[Black "jactorres"]
[Result "0-1"]
[WhiteElo "1949"]
[BlackElo "2218"]
[TimeControl "180+1"]
[EndTime "15:51:08 PST"]
[Termination "jactorres won on time"]

1. e4 e5 2. Nf3 Nc6 3. Bc4 Nf6 4. Ng5 d5 5. exd5 Na5 6. Bb5+ c6 7. dxc6 bxc6 8. Bd3 Nd5 9. Nf3 Bd6 10. O-O O-O 11. Re1 Qf6 12. Nc3 Bg4 13. Ne4 Qd8 14. Nxd6 Bxf3 15.
Qxf3 Qxd6 16. b3 f5 17. Be2 Nb7 18. Bb2 Nc5 19. Bc4 Rae8 20. Re2 e4 21. Qg3 Qd7 22. d3 f4 23. Qh3 Qxh3 24. gxh3 f3 25. Ree1 Kh8 26. Kh1 Nf4 27. dxe4 Nxh3 28. Rf1 Nxe4 29. Bd3 Nexf2+ 30. Rxf2 Nxf2+ 0-1

[Event "Late-Titled-Tuesday-Blitz-March-05-2024"]
[Site "Chess.com"]
[Date "2024.03.05"]
[Round "10"]
[White "JSPrepz"]
[Black "Beca95"]
[Result "0-1"]
[WhiteElo "2853"]
[BlackElo "2978"]
[TimeControl "180+1"]
[EndTime "15:51:11 PST"]
[Termination "Beca95 won on time"]

1. e4 d5 2. exd5 Qxd5 3. Nc3 Qa5 4. g3 c6 5. Bg2 Nf6 6. d4 Bg4 7. Ne2 e6 8. h3 Bxe2 9. Qxe2 Nbd7 10. Bd2 Qb6 11.
O-O-O Be7 12. g4 Nd5 13. Nxd5 cxd5 14. Rhe1 Qc6 15. f4 Rc8 16. c3 Bh4 17. Rf1 Nb6 18. b3 Bf6 19. Kb1 O-O 20. g5 Be7 21. f5 Ba3 22. f6 Nc4 23. Be1 Qb6 24. fxg7 Kxg7 25.
Rd3 a5 26. Qh5 Qb5 27. Rdf3 Nd6 28. Bg3 Kg8 29. Be5 Qe2 30. R3f2 Qxh5 0-1

[Event "Late-Titled-Tuesday-Blitz-March-05-2024"]
[Site "Chess.com"]
[Date "2024.03.05"]
[Round "10"]
[White "lefonghua"]
[Black "ccccvhhhj"]
[Result "1-0"]
[WhiteElo "2604"]
[BlackElo "2475"]
[TimeControl "180+1"]
[EndTime "15:51:11 PST"]
[Termination "lefonghua won by resignation"]

1. d4 e5 2. dxe5 d6 3. Nf3 Bg4 4. Bg5 Qd7 5. Nc3 Nc6 6. Bf4 O-O-O 7. Qd2 Bxf3 8. exf3 dxe5 9. Qxd7+ Rxd7 10. Be3 Nb4 11. Rc1 Nf6 12. a3 Nbd5 13. Nxd5 Nxd5 14. Bc4 Nxe3 15.
fxe3 Bc5 16. Ke2 Rhd8 17. Rcd1 Rxd1 18. Rxd1 Rxd1 19. Kxd1 f6 20. Ke2 Kd8 21. b4 Bd6 22. Bg8 h6 23. Bh7 Ke7 24. Kd3 Ke6 25. Ke4 Be7 26.
Bg8+ Kd6 27. Kf5 Bf8 28. Kg6 Ke7 29. Bd5 b6 30. c4 c5 31. b5 Ke8 32. Bc6+ Ke7 33.
Bd5 Ke8 34. h4 Ke7 35. h5 Ke8 36. g4 Ke7 37. f4 exf4 38. exf4 Ke8 39. f5 Ke7 40. Bc6 Kd8 41. Kf7 Bd6 42. Kxg7 Bf4 43. Kxf6 Bg5+ 44. Ke6 Bh4 45. f6 Bg5 46. f7 Be7 47. g5 Bf8 48. g6 Bg7 49. f8=Q+ Bxf8 50. Kf7 1-0

[Event "Late-Titled-Tuesday-Blitz-March-05-2024"]
[Site "Chess.com"]
[Date "2024.03.05"]
[Round "10"]
[White "Zhigalko_Sergei"]
[Black "GoltsevDmitry2000"]
[Result "1-0"]
[WhiteElo "2871"]
[BlackElo "2698"]
[TimeControl "180+1"]
[EndTime "15:51:20 PST"]
[Termination "Zhigalko_Sergei won on time"]

1. e4 e6 2. d4 d5 3. e5 c5 4. c3 Qa5 5. Nf3 cxd4 6. Qxd4 Nc6 7. Qf4 h6 8. Bd3 Nge7 9. O-O g5 10. Qg4 Nf5 11. Re1 Be7 12. Qh5 Ng7 13. Qh3 Nf5 14.
Bxf5 exf5 15. Bxg5 Be6 16. Bxe7 Nxe7 17. Nd4 O-O-O 18.
Nd2 Kb8 19. b4 Qc7 20. N2b3 f4 21. Nxe6 fxe6 22. Nc5 Rdg8 23. Qxe6 Ng6 24. Qxd5 Nh4 25. g3 fxg3 26. hxg3 Nf5 27. Rad1 Nxg3 28. fxg3 Rxg3+ 29. Kf2 Rf8+ 30. Ke2 Rfg8 31. Rf1 Rg2+ 32. Rf2 R2g6 33. Rdf1 a6 34. Rf7 Rg2+ 35. Kd1 1-0

[Event "Late-Titled-Tuesday-Blitz-March-05-2024"]
[Site "Chess.com"]
[Date "2024.03.05"]
[Round "10"]
[White "adricalderon8"]
[Black "Alexei_Gubajdullin"]
[Result "0-1"]
[WhiteElo "2520"]
[BlackElo "2641"]
[TimeControl "180+1"]
[EndTime "15:51:20 PST"]
[Termination "Alexei_Gubajdullin won by resignation"]

1. d4 Nf6 2. c4 g6 3. Nc3 Bg7 4. e4 d6 5. h3 O-O 6. Be3 Na6 7. g4 c5 8. d5 e6 9. Bg2 exd5 10. cxd5 c4 11.
Nge2 Nb4 12. O-O Nd3 13. b3 Bxg4 14. hxg4 Nxg4 15. Bh3 Qh4 16. Kg2 Nxe3+ 17. fxe3 Qg5+ 18. Kh1 Qxe3 19. Bg2 Qh6+ 20. Kg1 Be5 21. Rf3 Qh2+ 22. Kf1 f5 23. exf5 g5 24. bxc4 g4 25. Rxd3 Rxf5+ 26. Ke1 Qxg2 27. Kd2 Rf2 28. Rb1 Re8 29. Qg1 Bxc3+ 30.
Kxc3 Rfxe2 31. Qxg2 Rxg2 32. Rxb7 g3 33. Rd4 h5 34. c5 dxc5 35. Rh4 Rh2 36. Rxh2 gxh2 37.
Rb1 Re4 38. d6 Kf7 39. Rh1 Rh4 40. Re1 h1=Q 41. Rxh1 Rxh1 0-1

[Event "Late-Titled-Tuesday-Blitz-March-05-2024"]
[Site "Chess.com"]
[Date "2024.03.05"]
[Round "10"]
[White "Eloist"]
[Black "BabageldiAnnaberdiyev"]
[Result "0-1"]
[WhiteElo "2436"]
[BlackElo "2613"]
[TimeControl "180+1"]
[EndTime "15:51:20 PST"]
[Termination "BabageldiAnnaberdiyev won on time"]

1. e4 e6 2. d4 d5 3. Nd2 Nf6 4. e5 Nfd7 5. Bd3 c5 6. c3 Nc6 7.
Ne2 cxd4 8. cxd4 Qb6 9. Nf3 f6 10. exf6 Nxf6 11. O-O Bd6 12. Rb1 O-O 13. b4 Bd7 14.
Be3 Rae8 15. Ne5 Qd8 16. Nxc6 bxc6 17. f4 Qe7 18. Qa4 Rb8 19. a3 c5 20. b5 c4 21.
Bc2 Bxa3 22. Ra1 Bb2 23. Ra2 Bxb5 24. Qxa7 Qxa7 25. Rxa7 c3 26. Re1 Ng4 27. Bf2 Nxf2 28. Kxf2 Bxe2 29. Kxe2 Rxf4 30. Ke3 Rbf8 31. Re7 Rf2 32.
Re2 Rxe2+ 33. Kxe2 Rf6 34. g4 Bc1 35. h4 Rf4 36.
Rxe6 Rxd4 37. Kf3 Rd2 38. Re2 Rd4 39. Bb3 Kf8 40. Re5 Rf4+ 41. Kg3 d4 42. Rd5 Be3 43.
Rd7 h6 44. Rd8+ Ke7 45. Rc8 Rf1 0-1

[Event "Late-Titled-Tuesday-Blitz-March-05-2024"]
[Site "Chess.com"]
[Date "2024.03.05"]
[Round "10"]
[White "GianmarcoVaR"]
[Black "DeArron_Fox"]
[Result "1-0"]
[WhiteElo "2758"]
[BlackElo "2552"]
[TimeControl "180+1"]
[EndTime "15:51:22 PST"]
[Termination "GianmarcoVaR won on time"]

1. e4 c5 2. Nf3 e6 3. d4 cxd4 4. Nxd4 a6 5. Nc3 b5 6. a3 Bb7 7. Be3 Nc6 8. Qd2 Nf6 9. f3 Qc7 10. Nb3 Ne5 11. Qf2 b4 12. Bb6 Qc8 13. axb4 Bxb4 14.
Ba5 Bxa5 15. Nxa5 O-O 16. Be2 d5 17. f4 Neg4 18. Qg3 d4 19. Nd1 h5 20. Bxg4 hxg4 21.
e5 Ne4 22. Qxg4 Qxc2 23. Nxb7 Rab8 24. Nd6 Rxb2 25. Nxe4 Qxe4+ 26. Kf1 Qd3+ 27. Kg1 Re2 28. h4 Rc8 29. Rh3 Qd2 30. Rg3 g6 31. h5 Re1+ 32.
Kh2 Rxd1 33. Rxd1 Qxd1 34. Qxd1 1-0

[Event "Late-Titled-Tuesday-Blitz-March-05-2024"]
[Site "Chess.com"]
[Date "2024.03.05"]
[Round "10"]
[White "santosalberto1987"]
[Black "Yurovskykh_Oleksandr"]
[Result "1-0"]
[WhiteElo "2555"]
[BlackElo "2626"]
[TimeControl "180+1"]
[EndTime "15:51:24 PST"]
[Termination "santosalberto1987 won by checkmate"]

1. e4 e6 2. d4 d5 3. Nc3 dxe4 4. Nxe4 Bd7 5. Nf3 Bc6 6. Bd3 Nd7 7. Qe2 Ngf6 8. Ng3 g6 9. O-O Bg7 10. Ne5 Nxe5 11. dxe5 Nd7 12. f4 O-O 13. Be3 Qe7 14.
Qf2 Rfd8 15. Ne4 b6 16. Rad1 f5 17. exf6 Nxf6 18. Nxf6+ Qxf6 19. c3 Rd7 20. Bd4 Qf7 21.
Bxg7 Kxg7 22. Bc4 Bd5 23. Bxd5 exd5 24. Rfe1 Re8 25. Rxe8 Qxe8 26. Re1 Re7 27. Qd4+ Kh6 28. Rxe7 Qxe7 29. h3 Qe6 30. Kh2 c5 31. Qh8 Qd6 32. Kg3 g5 33. Kh2 Qxf4+ 34. Kh1 Qd6 35. Qg8 d4 36. cxd4 cxd4 37. h4 gxh4 38. Qg4 d3 39.
Qxh4+ Kg7 40. Qg5+ Kh8 41. Qd2 Qd4 42. Qe1 d2 43. Qe8+ Kg7 44. Qe7+ Kg6 45. Qe6+ Kg5 46. Qe7+ Kf4 47. Qf7+ Ke3 48. Qf3# 1-0

[Event "Late-Titled-Tuesday-Blitz-March-05-2024"]
[Site "Chess.com"]
[Date "2024.03.05"]
[Round "10"]
[White "karinachess1"]
[Black "rychessmaster1"]
[Result "1-0"]
[WhiteElo "2610"]
[BlackElo "2711"]
[TimeControl "180+1"]
[EndTime "15:51:26 PST"]
[Termination "karinachess1 won by resignation"]

1. d4 Nf6 2. c4 e6 3. Nc3 Bb4 4. a3 Bxc3+ 5. bxc3 c5 6. f3 Nc6 7. e4 d6 8. Ne2 b6 9. Ng3 Na5 10. Bd3 Ba6 11. O-O Qd7 12. Qe2 Qa4 13. e5 dxe5 14. dxe5 Nd7 15. Qe4 O-O-O 16. Bg5 Rde8 17. Rfd1 h6 18.
Be3 Rd8 19. Qf4 Rhf8 20. Ne4 Nb7 21. Rd2 g5 22. Qg3 Bxc4 23. Bxc4 Qxc4 24. Rad1 Nb8 25. h4 Rxd2 26. Rxd2 Rd8 27. Rxd8+ Kxd8 28. hxg5 hxg5 29. Qxg5+ Kc7 30. Qe7+ Nd7 31. Qxf7 Nd8 32. Qe7 Qd3 33. Bf4 Nb7 34. Kh2 a5 35. Qxe6 a4 36. Qf5 Kc6 37. e6 Nb8 38. Bxb8 Qd8 39. Bg3 Qh8+ 40.
Kg1 b5 41. e7 b4 42. Qe6+ Kb5 43. e8=Q+ 1-0

[Event "Late-Titled-Tuesday-Blitz-March-05-2024"]
[Site "Chess.com"]
[Date "2024.03.05"]
[Round "10"]
[White "jcibarra"]
[Black "grzechu96"]
[Result "1-0"]
[WhiteElo "2927"]
[BlackElo "2731"]
[TimeControl "180+1"]
[EndTime "15:51:28 PST"]
[Termination "jcibarra won on time"]

1. e4 c5 2. Nf3 d6 3. c3 Nf6 4. h3 Nc6 5. Bd3 g6 6. Bc2 Bg7 7. O-O e5 8. d4 O-O 9. d5 Nb8 10. c4 Nh5 11. Nc3 Nf4 12. Re1 Qf6 13. Nb5 Na6 14. a3 Bd7 15. Nh2 h5 16. Qf3 Bxb5 17. cxb5 Nc7 18. a4 b6 19. Ra3 a6 20. bxa6 Nxa6 21.
h4 Nb4 22. Bb1 c4 23. Bd2 Nfd3 24. Bxb4 Qxf3 25. Nxf3 Nxb4 26. Rc1 Rfc8 27. Nd2 Bh6 28. Rd1 Ra5 29. g3 Bxd2 30. Rxd2 b5 31. axb5 Rxa3 32.
bxa3 c3 33. Rd1 c2 34. Bxc2 Nxc2 35. Rc1 Rc5 36. b6 Rb5 37. Rxc2 Rxb6 38. Ra2 Kf8 39. a4 Ke7 40. a5 Ra6 41. f4 f6 42. Kf2 Kd7 43. Kf3 Kc7 44. f5 1-0

[Event "Late-Titled-Tuesday-Blitz-March-05-2024"]
[Site "Chess.com"]
[Date "2024.03.05"]
[Round "10"]
[White "Perecke"]
[Black "Abund"]
[Result "1-0"]
[WhiteElo "2583"]
[BlackElo "2788"]
[TimeControl "180+1"]
[EndTime "15:51:29 PST"]
[Termination "Perecke won on time"]

1. e4 g6 2. d4 Bg7 3. Nc3 d6 4. f4 a6 5. Nf3 b5 6. Be3 Bb7 7.
Qd2 Nd7 8. O-O-O b4 9. Nd5 e6 10. Nxb4 a5 11. Nd3 Bxe4 12. h4 h5 13. Ng5 Bd5 14.
Nf2 Bxa2 15. Bd3 Ne7 16. b3 a4 17. Kb2 Qb8 18. b4 Bd5 19. c4 a3+ 20. Ka2 Bc6 21.
Rhg1 Nf6 22. g4 Qb7 23. f5 exf5 24. gxf5 d5 25. fxg6 fxg6 26. Ne6 Bf8 27. Qc2 Rg8 28. Bxg6+ Nxg6 29. Rxg6 Ba4 30. Qf5 Rxg6 31. Qxg6+ Ke7 32. Bg5 Qxb4 33. Qxf6+ Kd7 34. Qf7+ Kd6 35. c5+ Kc6 36. Qxc7+ Kb5 37. Rb1 1-0

[Event "Late-Titled-Tuesday-Blitz-March-05-2024"]
[Site "Chess.com"]
[Date "2024.03.05"]
[Round "10"]
[White "OrtizAnahi2001"]
[Black "picturesquecheck"]
[Result "1-0"]
[WhiteElo "2529"]
[BlackElo "2408"]
[TimeControl "180+1"]
[EndTime "15:51:29 PST"]
[Termination "OrtizAnahi2001 won by resignation"]

1. e4 c5 2. h3 Nc6 3. Nf3 g6 4. c3 d5 5. exd5 Qxd5 6. d4 cxd4 7. cxd4 Bg7 8. Nc3 Qd8 9. d5 Nb8 10. Bb5+ Bd7 11. Bc4 Nf6 12. O-O O-O 13. Re1 a6 14. a4 Bf5 15. Bg5 h6 16. Bh4 Nbd7 17.
Nd4 Nb6 18. Nxf5 gxf5 19. Bb3 Rc8 20. Qf3 Qd7 21. Rad1 Rfe8 22. Bc2 Ne4 23. Nxe4 Rxc2 24. Ng3 f4 25. Qxf4 Qxa4 26. Qxa4 Nxa4 27. Bxe7 Nxb2 28. d6 Nxd1 29. d7 Ra8 30. Rxd1 a5 31. d8=Q+ Rxd8 32. Rxd8+ Kh7 33. Nf5 a4 34. Nxg7 Kxg7 35. Rb8 Rc1+ 36. Kh2 Rb1 37. Kg3 b5 38. f3 Rb3 39. Kf4 a3 40.
Bd6 Kg6 41. h4 h5 42. Be5 f6 43. Rb6 Rb4+ 44. Ke3 Kf5 45. Bxf6 Rb3+ 46. Kf2 a2 47.
Ra6 b4 48. Bh8 Ra3 49. Rxa3 bxa3 50. Ke3 Kg6 51. Ba1 Kf5 52. g3 Kg6 53. Kf4 Kf7 54.
Kg5 1-0

[Event "Late-Titled-Tuesday-Blitz-March-05-2024"]
[Site "Chess.com"]
[Date "2024.03.05"]
[Round "10"]
[White "aceontheturn"]
[Black "tolimachess"]
[Result "1-0"]
[WhiteElo "2789"]
[BlackElo "2466"]
[TimeControl "180+1"]
[EndTime "15:51:31 PST"]
[Termination "aceontheturn won by checkmate"]

1. e4 c5 2. Nc3 Nc6 3. Bb5 Nd4 4.
Bc4 g6 5. Nge2 Bg7 6. Nxd4 cxd4 7. Qf3 e6 8. Nb5 d6 9. Qa3 Bf8 10. Nxd4 Bd7 11. Nb5 d5 12. Qc3 dxc4 13. Qxh8 Bxb5 14. Qxg8 Qg5 15. O-O h5 16. d4 Qf6 17. Bh6 Qe7 18. Bxf8 Qxf8 19. Qxf8+ Kxf8 20. c3 Bc6 21. f3 Rd8 22. Kf2 Ke7 23. Ke3 f6 24. b3 Bb5 25.
Rfb1 b6 26. a4 Ba6 27. a5 b5 28. bxc4 bxc4 29. Rb4 Kd6 30. Rab1 Kc7 31. h4 e5 32.
d5 f5 33. g3 Rf8 34. f4 exf4+ 35. gxf4 fxe4 36. Kxe4 Kd6 37. Rg1 Rf6 38. Rb8 Kc7 39. Rg8 Bc8 40. Kd4 Rxf4+ 41. Kc5 Bf5 42. Rg7+ Kd8 43.
Re1 Rf3 44. Ree7 Rxc3 45. Rxa7 Re3 46. Ra8+ Bc8 47. a6 c3 48. a7 c2 49. Rxc8+ Kxc8 50.
a8=Q# 1-0

[Event "Late-Titled-Tuesday-Blitz-March-05-2024"]
[Site "Chess.com"]
[Date "2024.03.05"]
[Round "10"]
[White "IMRosen"]
[Black "Irishchessman16"]
[Result "1-0"]
[WhiteElo "2662"]
[BlackElo "2526"]
[TimeControl "180+1"]
[EndTime "15:51:33 PST"]
[Termination "IMRosen won by checkmate"]

1. e4 c5 2. Nc3 e6 3. Nf3 a6 4. g3 b5 5. Bg2 Bb7 6. d4 cxd4 7. Nxd4 Nc6 8. Nxc6 Bxc6 9. O-O Bb4 10. Qg4 Kf8 11. Nd5 Bd6 12. Bg5 f6 13. Bf4 Bxf4 14. Nxf4 Ne7 15.
Rad1 Qc7 16. Qxe6 dxe6 17. Nxe6+ Kf7 18. Nxc7 Ra7 19. Nd5 Bxd5 20. exd5 Nc8 21. Bh3 Nd6 22. Be6+ Kg6 23. Rd4 h5 24. c3 Rc7 25. Kg2 Rb8 26. h4 a5 27. a3 Rb6 28. Re1 Nc4 29. Re2 b4 30. cxb4 axb4 31. axb4 Rxb4 32. d6 Rc6 33. Bxc4 Rbxc4 34. Rxc4 Rxc4 35. Rd2 Rc8 36. d7 Rd8 37. Kf3 Kf5 38. b4 Ke6 39. Kf4 g6 40. g4 hxg4 41.
Kxg4 Rxd7 42. Rxd7 Kxd7 43. h5 gxh5+ 44. Kxh5 Kc6 45. Kg6 Kb5 46. Kxf6 Kxb4 47. Ke5 Kc4 48. f4 Kc5 49. f5 Kc6 50. Ke6 Kc7 51. Ke7 Kc6 52. f6 Kd5 53. f7 Ke5 54. f8=Q Ke4 55. Ke6 Kd4 56. Qf5 Ke3 57. Qg4 Kd3 58. Kd5 Kc2 59. Kc4 Kb1 60. Kb3 Ka1 61. Qg1# 1-0

[Event "Late-Titled-Tuesday-Blitz-March-05-2024"]
[Site "Chess.com"]
[Date "2024.03.05"]
[Round "10"]
[White "MagnusCarlsen"]
[Black "DanielNaroditsky"]
[Result "1/2-1/2"]
[WhiteElo "3246"]
[BlackElo "3098"]
[TimeControl "180+1"]
[EndTime "15:51:34 PST"]
[Termination "Game drawn by agreement"]

1. e4 c5 2. Nf3 Nf6 3. e5 Nd5 4. Nc3 e6 5. Nxd5 exd5 6. d4 Nc6 7. dxc5 Bxc5 8. Qxd5 d6 9. exd6 Qb6 10. Qe4+ Be6 11. Qh4 Bxd6 12. c3 Rd8 13. Be2 O-O 14. O-O Rfe8 15. Bc4 Be7 16. Qe4 Bc5 17. Bg5 Bxc4 18.
Qxc4 Rc8 19. Qb3 Qa6 20. Bh4 h6 21. Rad1 Re2 22. Rd7 Rf8 23. Qxb7 Qa4 24. Bg3 Na5 25. Qd5 Bb6 26. Ne5 Qe4 27. Qxe4 Rxe4 28. Rd2 Re8 29. b4 Nc4 30. Nxc4 Rxc4 31. Rd3 Re2 32. a4 a5 33. Rd6 Bc7 34. Rd4 Rxd4 35. cxd4 Bxg3 36. hxg3 Ra2 37.
b5 Rxa4 38. Rb1 Rxd4 39. b6 Rd8 40. Kf1 Rb8 41. Ke2 a4 42. Kd3 a3 43. Ra1 Rxb6 44. Rxa3 Re6 1/2-1/2

[Event "Late-Titled-Tuesday-Blitz-March-05-2024"]
[Site "Chess.com"]
[Date "2024.03.05"]
[Round "10"]
[White "kids2010"]
[Black "MatthewG-p4p"]
[Result "1-0"]
[WhiteElo "2823"]
[BlackElo "2883"]
[TimeControl "180+1"]
[EndTime "15:51:38 PST"]
[Termination "kids2010 won on time"]

1. e4 e6 2. d3 d5 3. Qe2 Nf6 4. Nf3 c5 5. g3 Nc6 6. Bg2 Be7 7. O-O O-O 8. e5 Ne8 9. c4 Nc7 10. Nc3 Rb8 11. b3 b5 12. Rd1 a5 13.
a4 bxc4 14. bxc4 Ba6 15. Nb5 Qd7 16. h4 Rfd8 17. Bg5 h6 18. Bxe7 Nxe7 19. Qe3 d4 20. Qf4 Bb7 21. h5 Nc6 22. g4 Ne8 23. Re1 Nb4 24. Rad1 Qe7 25. g5 Bxf3 26. Bxf3 Qxg5+ 27. Qxg5 hxg5 28. Kh2 Kh7 29. Rg1 Kh6 30. Rg3 f5 31. Be2 Nc6 32. f4 gxf4 33. Rg6+ Kh7 34. Rxe6 Nb4 35.
Rf1 Rd7 36. Rxf4 Nc7 37. Nxc7 Rxc7 38. Rxf5 Nc2 39. Bf3 Ne3 40. Rg5 Rf7 41. Be4+ Kh8 42. h6 Rb2+ 43. Kg3 Nf1+ 44. Kg4 Ne3+ 45. Kh5 Rh2+ 46.
Kg6 Kg8 47. Re8+ Rf8 48. h7+ Rxh7 49. Rxf8+ Kxf8 50. Kxh7 1-0

[Event "Late-Titled-Tuesday-Blitz-March-05-2024"]
[Site "Chess.com"]
[Date "2024.03.05"]
[Round "10"]
[White "N_Mullodzhanov"]
[Black "HaryKane"]
[Result "0-1"]
[WhiteElo "2501"]
[BlackElo "2592"]
[TimeControl "180+1"]
[EndTime "15:51:40 PST"]
[Termination "HaryKane won by checkmate"]

1. e4 g6 2. d4 Bg7 3. Nc3 d6 4. Be3 c6 5. Qd2 b5 6. Bd3 b4 7. Nce2 a5 8. a3 bxa3 9. Rxa3 Nf6 10. f3 O-O 11. Ng3 Re8 12. N1e2 e5 13. c3 Nbd7 14. Bh6 Bh8 15. O-O d5 16. Raa1 c5 17. Bc2 exd4 18. cxd4 cxd4 19. Nxd4 Ne5 20. h3 Qb6 21. Qc3 dxe4 22.
fxe4 Ba6 23. Rf2 Rec8 24. Qd2 Nc4 25. Qd1 Nxe4 26. Bxe4 Bxd4 27. Nh1 Rd8 28. Bxa8 Bxf2+ 29. Nxf2 Rxd1+ 30. Rxd1 Ne5 31. Re1 f6 32. Bd5+ Kh8 33. Rd1 Nd3 34. Rd2 Qc5 35. Ba2 g5 36. Kh2 Qe5+ 37.
g3 Qe3 38. Rc2 Nxf2 39. Rc7 Ng4+ 40. hxg4 Qf2+ 41. Kh1 Bb7+ 42. Rxb7 Qf3+ 43. Kh2 Qxb7 44. Kh3 Qh1# 0-1